[Event "Titled Tuesday Blitz June 21 Early 2022"]
[White "Reprintsev, Alexander"]
[Black "Korchmar, Vasiliy"]
[WhiteFideId "14100541"]
[BlackFideId "24131750"]
[WhiteElo "2108"]
[BlackElo "2370"]
[Result "0-1"]
[Round "03"]
[TimeControl "180+1"]
[Date "2022.06.22"]
[WhiteClock "0:00:01"]
[BlackClock "0:00:09"]

1. e4 c5 2. b3 d6 3. Bb2 Nc6 4. Bb5 Bd7 5. Ne2 Nf6 6. d3 Qa5+ 7. Nbc3 g6 8. O-O Bg7 9. Nd5 O-O 10. Bxc6 bxc6 11. Nxf6+ exf6 12. c4 Qb6 13. f4 Rfe8 14. f5 Rf8 15. Bc3 a5 16. a4 d5 17. Rb1 Rae8 18. Qd2 dxe4 19. dxe4 Rxe4 20. Ng3 Re7 21. Bxa5 Qb8 22. Rfd1 h5 23. fxg6 fxg6 24. Qd6 Qxd6 25. Rxd6 f5 26. Rbd1 Bd4+ 27. Kf1 f4 28. Ne2 Bg4 29. Rxg6+ Kh7 30. Rxg4 hxg4 31. Nxd4 Rd7 32. Bb6 cxd4 33. Rxd4 Rxd4 34. Bxd4 Rb8 35. Be5 Rxb3 36. Bxf4 Rb4 37. a5 Rxc4 38. Bc7 Rc2 39. Bb6 Ra2 40. h3 gxh3 41. gxh3 Kg6 42. Ke1 Kf5 43. Kd1 Ke4 44. Kc1 Kd5 45. h4 Rh2 46. a6 Rxh4 47. a7 Ra4 48. Kb2 Kc4 49. Kc2 Kb5 50. Kb3 Ra6 0-1


[Site "https://www.chess.com"]

[Event "Titled Tuesday Blitz June 21 Early 2022"]
[White "Rios Escobar, Adan"]
[Black "Yang, Kaiqi"]
[WhiteFideId "3403645"]
[BlackFideId "8604398"]
[WhiteElo "2450"]
[BlackElo "2373"]
[Result "0-1"]
[Round "03"]
[TimeControl "180+1"]
[Date "2022.06.22"]
[WhiteClock "0:00:19"]
[BlackClock "0:00:35"]

1. d4 Nf6 2. g3 g6 3. Bg2 d5 4. c4 dxc4 5. Nf3 Bg7 6. Na3 c3 7. bxc3 c5 8. O-O O-O 9. Nc4 Nc6 10. e3 Bf5 11. a4 Rc8 12. Ba3 cxd4 13. cxd4 Be4 14. Rc1 Re8 15. Qb3 b6 16. Nfe5 Nxe5 17. Nxe5 e6 18. Rxc8 Qxc8 19. Rc1 Qb7 20. Bxe4 Nxe4 21. Qc2 Bxe5 22. dxe5 Ng5 23. Qc6 Nf3+ 24. Kg2 Qxc6 25. Rxc6 Nxe5 26. Rc7 a6 27. Rb7 Nc4 28. Bb4 Rc8 29. h4 h5 30. Kf3 Rc6 31. Ke4 a5 32. Be7 Nd6+ 33. Kf3 Nxb7 0-1


[Site "https://www.chess.com"]

[Event "Titled Tuesday Blitz June 21 Early 2022"]
[White "Rodchenkov, Sergey D."]
[Black "Cramling Bellon, Anna"]
[WhiteFideId "4168712"]
[BlackFideId "32009232"]
[WhiteElo "2293"]
[BlackElo "1905"]
[Result "1-0"]
[Round "03"]
[TimeControl "180+1"]
[Date "2022.06.22"]
[WhiteClock "0:01:15"]
[BlackClock "0:00:01"]

1. e4 c5 2. Nf3 e6 3. d4 cxd4 4. Nxd4 Nc6 5. Nc3 Nf6 6. Nxc6 bxc6 7. e5 Nd5 8. Ne4 Qc7 9. f4 Qb6 10. c4 Bb4+ 11. Ke2 f5 12. Nf2 Ne7 13. Be3 Bc5 14. Bxc5 Qxc5 15. b3 Ng6 16. Kf3 Nxf4 17. b4 Qb6 18. Qd6 Ng6 19. Nd3 Qb8 20. Qd4 c5 21. Qxc5 Bb7+ 22. Kf2 Qd8 23. h4 Nxh4 24. Nf4 g5 25. Nh5 Kf7 26. Rd1 Rc8 27. Qd4 Rc7 28. c5 Qa8 29. Rxh4 gxh4 30. Qxh4 Qd8 31. Nf6 Qe7 32. Be2 Rg8 33. Qxh7+ Rg7 34. Bh5+ Kf8 35. Qh8+ Rg8 36. Qxg8# 1-0


[Site "https://www.chess.com"]

[Event "Titled Tuesday Blitz June 21 Early 2022"]
[White "Rom, Jasper"]
[Black "Agibileg, Uurtsaikh"]
[WhiteFideId "2023733"]
[BlackFideId "4901606"]
[WhiteElo "2233"]
[BlackElo "2205"]
[Result "0-1"]
[Round "03"]
[TimeControl "180+1"]
[Date "2022.06.22"]
[WhiteClock "0:00:30"]
[BlackClock "0:00:55"]

1. e4 c5 2. Nc3 a6 3. g3 b5 4. Bg2 Bb7 5. Nh3 b4 6. Nb1 d5 7. e5 Nc6 8. f4 e6 9. O-O Nh6 10. d3 Be7 11. g4 c4 12. d4 Qb6 13. Be3 O-O 14. Nf2 Kh8 15. Nd2 Nxd4 16. c3 Bc5 17. cxd4 Bxd4 18. Bxd4 Qxd4 19. Nf3 Qxb2 20. Qd4 Qxd4 21. Nxd4 a5 22. h3 Rfc8 23. f5 exf5 24. gxf5 a4 25. e6 b3 26. axb3 axb3 27. Rxa8 Rxa8 28. e7 Ng8 29. f6 gxf6 30. Re1 b2 0-1


[Site "https://www.chess.com"]

[Event "Titled Tuesday Blitz June 21 Early 2022"]
[White "Rosenberg, Evan S"]
[Black "Jeet, Jain"]
[WhiteFideId "2019299"]
[BlackFideId "5073022"]
[WhiteElo "2374"]
[BlackElo "2055"]
[Result "1-0"]
[Round "03"]
[TimeControl "180+1"]
[Date "2022.06.22"]
[WhiteClock "0:00:04"]
[BlackClock "0:01:04"]

1. e4 c5 2. Nc3 d6 3. f4 g6 4. Nf3 a6 5. a4 Bg7 6. Bc4 e6 7. d3 Ne7 8. O-O d5 9. Ba2 O-O 10. Qe1 f5 11. Qh4 Nbc6 12. exd5 exd5 13. Re1 h6 14. Ne5 Nxe5 15. fxe5 g5 16. Qf2 Be6 17. Qxc5 f4 18. Qd6 Qc8 19. Qxe7 f3 20. gxf3 Rxf3 21. Qxe6+ Qxe6 22. Bxd5 Qxd5 23. Nxd5 Kh8 24. d4 Rd8 25. c4 Rd3 26. Be3 b5 27. axb5 axb5 28. Rad1 Rb3 29. Nf6 bxc4 30. Bc1 Rf8 31. Ne4 Rff3 32. e6 Bf8 33. d5 Rbd3 34. Rxd3 Rxd3 35. d6 Kg7 36. e7 Bxe7 37. dxe7 Kf7 38. Nd6+ Rxd6 39. e8=Q+ Kg7 40. Qe7+ Kg6 41. Qxd6+ Kh5 42. Re6 g4 43. Rxh6# 1-0


[Site "https://www.chess.com"]

[Event "Titled Tuesday Blitz June 21 Early 2022"]
[White "Rostovtsev, Dmitry"]
[Black "Navara, David"]
[WhiteFideId "34278320"]
[BlackFideId "309095"]
[WhiteElo "2311"]
[BlackElo "2686"]
[Result "0-1"]
[Round "03"]
[TimeControl "180+1"]
[Date "2022.06.21"]
[WhiteClock "0:00:03"]
[BlackClock "0:00:10"]

1. e4 c5 2. Nf3 d6 3. d4 cxd4 4. Qxd4 Nf6 5. h3 a6 6. c4 Nc6 7. Qe3 g6 8. Nc3 Bg7 9. Be2 O-O 10. O-O Be6 11. Rd1 Nd7 12. b3 Nc5 13. Bb2 a5 14. e5 Nxe5 15. Nd4 a4 16. b4 a3 17. Bc1 Na4 18. Nxa4 Rxa4 19. Rb1 Bxc4 20. Bxc4 Nxc4 21. Qb3 Nb6 22. Bg5 Qd7 23. Nf3 e6 24. Be3 Nd5 25. Bd4 Rxb4 26. Qxa3 Qa4 27. Qxa4 Rxa4 28. Bxg7 Kxg7 29. Rxb7 Rxa2 30. Rd7 Nf6 31. R7xd6 Ne4 32. Rd7 Nc3 33. Re1 Kf6 34. g4 h6 35. Kg2 g5 36. Ne5 Ne2 37. Nd3 Rd2 38. Kf3 Nf4 39. Ke3 Rxd3+ 40. Rxd3 Nxd3 41. Kxd3 Ra8 42. Ke4 Ra3 43. f3 h5 44. Rf1 h4 45. f4 Ra4+ 46. Ke3 Rxf4 47. Rxf4+ gxf4+ 48. Kxf4 Kg6 49. Ke5 Kg5 50. Ke4 f6 51. Ke3 f5 52. gxf5 exf5 53. Kf3 Kg6 54. Kf4 Kf6 55. Kf3 Ke5 56. Ke3 f4+ 57. Kf3 Kf5 58. Kf2 Ke4 59. Ke2 f3+ 60. Kf2 Kf4 61. Kf1 Kg3 62. Kg1 Kxh3 63. Kh1 Kg3 64. Kg1 f2+ 65. Kf1 h3 0-1


[Site "https://www.chess.com"]

[Event "Titled Tuesday Blitz June 21 Early 2022"]
[White "Rustemov, Alexander"]
[Black "Heinemann, Josefine"]
[WhiteFideId "4119002"]
[BlackFideId "12900460"]
[WhiteElo "2750"]
[BlackElo "2300"]
[Result "1-0"]
[Round "03"]
[TimeControl "180+1"]
[Date "2022.06.22"]
[WhiteClock "0:00:23"]
[BlackClock "0:01:08"]

1. d4 Nf6 2. c4 e6 3. Nf3 d5 4. Nc3 c5 5. cxd5 Nxd5 6. g3 Nxc3 7. bxc3 cxd4 8. Qxd4 Nc6 9. Qxd8+ Kxd8 10. Bg2 f6 11. Nd4 Bd7 12. Rb1 Kc8 13. Nxc6 Bxc6 14. Bxc6 bxc6 15. Be3 Bd6 16. Kd2 Kc7 17. Kc2 c5 18. Rb5 Rhb8 19. Ra5 a6 20. Bxc5 Rb5 21. Rxb5 axb5 22. Bxd6+ Kxd6 23. Kb3 Kc6 24. Rd1 h5 25. h4 g5 26. Rd4 e5 27. Rb4 Rd8 28. c4 bxc4+ 29. Rxc4+ Kb6 30. hxg5 fxg5 31. Re4 Rd5 32. Kc4 Rc5+ 33. Kd3 Ra5 34. a4 Kc6 35. Rb4 Ra8 36. Rb5 Kd6 37. a5 h4 38. gxh4 gxh4 39. Ke4 Rh8 40. Rd5+ Kc6 41. Rd1 h3 42. Rh1 h2 43. e3 Rh5 44. Kf3 Kb5 45. Kg3 Kxa5 46. Rxh2 Rf5 47. Kg4 Rf7 48. f3 Kb5 49. Rh5 Re7 50. Kf5 Kc4 51. Ke4 1-0


[Site "https://www.chess.com"]

[Event "Titled Tuesday Blitz June 21 Early 2022"]
[White "Sadhwani, Raunak"]
[Black "Mirzoev, Azer"]
[WhiteFideId "35093487"]
[BlackFideId "13400304"]
[WhiteElo "2616"]
[BlackElo "2525"]
[Result "1-0"]
[Round "03"]
[TimeControl "180+1"]
[Date "2022.06.21"]
[WhiteClock "0:01:12"]
[BlackClock "0:00:05"]

1. d4 d5 2. Nf3 c6 3. Bf4 Bf5 4. e3 e6 5. c4 Nd7 6. Qb3 Qc8 7. Nc3 Ngf6 8. h3 Be7 9. Be2 O-O 10. O-O Ne4 11. Rfc1 Nxc3 12. bxc3 dxc4 13. Bxc4 c5 14. a4 Nb6 15. Be2 Be4 16. a5 Nd5 17. Bg3 Nf6 18. Ne5 Bd5 19. Qb2 Rd8 20. f3 Nd7 21. c4 Bc6 22. Nxc6 Qxc6 23. Bd3 cxd4 24. Be4 Qc5 25. exd4 Qg5 26. Bf2 Rab8 27. Rcb1 Bf6 28. Qc2 Nf8 29. Rb5 Qh6 30. Rd1 b6 31. a6 g6 32. c5 bxc5 33. Rxb8 Rxb8 34. dxc5 Qf4 35. Bb7 Be5 36. c6 Qh2+ 37. Kf1 Qh1+ 38. Ke2 Qxg2 39. c7 Bxc7 40. Qxc7 Re8 41. Bc6 e5 42. Bxe8 1-0


[Site "https://www.chess.com"]

[Event "Titled Tuesday Blitz June 21 Early 2022"]
[White "Samaganova, Aleksandra"]
[Black "Gubajdullin, Alexei"]
[WhiteFideId "13800221"]
[BlackFideId "4141202"]
[WhiteElo "1864"]
[BlackElo "2280"]
[Result "0-1"]
[Round "03"]
[TimeControl "180+1"]
[Date "2022.06.22"]
[WhiteClock "0:00:03"]
[BlackClock "0:01:17"]

1. c4 Nf6 2. Nc3 g6 3. g3 Bg7 4. Bg2 O-O 5. e3 d6 6. Nge2 Nc6 7. O-O Rb8 8. d4 a6 9. Rb1 Bd7 10. b4 b5 11. c5 dxc5 12. bxc5 e6 13. a4 Ne7 14. axb5 axb5 15. Qd3 b4 16. Ne4 Bb5 17. Qd2 Nxe4 18. Bxe4 Nd5 19. Bxd5 Qxd5 20. Rxb4 Qf3 21. Rxb5 Rxb5 22. Nc3 Rb3 23. Qc2 Rfb8 24. Ne2 Qf5 25. Qc4 Qd3 26. Qxd3 Rxd3 27. Nf4 Rdb3 28. Bd2 c6 29. Ba5 e5 30. dxe5 Bxe5 31. Ng2 Rb1 32. Bb6 Rxf1+ 33. Kxf1 Ra8 34. Ke2 Ra2+ 35. Kf3 Bc3 36. h4 Bb4 37. g4 Rc2 38. Nf4 Bxc5 39. Bd8 Bd6 40. Ne2 c5 41. Bf6 c4 42. Nc3 Bf8 43. Nd5 Bg7 44. Be7 c3 45. Bb4 Rc1 46. g5 c2 47. Bd2 Rd1 48. Ke2 Bb2 0-1


[Site "https://www.chess.com"]

[Event "Titled Tuesday Blitz June 21 Early 2022"]
[White "Samsonkin, Artiom"]
[Black "So, Wesley"]
[WhiteFideId "13503111"]
[BlackFideId "5202213"]
[WhiteElo "2513"]
[BlackElo "2742"]
[Result "0-1"]
[Round "03"]
[TimeControl "180+1"]
[Date "2022.06.21"]
[WhiteClock "0:00:01"]
[BlackClock "0:00:56"]

1. e4 c5 2. Nf3 d6 3. d4 cxd4 4. Qxd4 Nf6 5. Be2 Nc6 6. Qe3 g6 7. O-O Bg7 8. c4 O-O 9. Nc3 Bg4 10. Rb1 Nd7 11. b3 f5 12. Bb2 f4 13. Qd2 Bxf3 14. Bxf3 Nde5 15. Qd1 Nd4 16. Bg4 f3 17. Bh3 fxg2 18. Bxg2 Nef3+ 19. Kh1 e6 20. Ne2 Qh4 21. h3 Nxe2 22. Qxe2 Bxb2 23. Rxb2 Rf4 24. Rbb1 Raf8 25. Rbd1 Ng5 26. Qe3 Rf3 27. Bxf3 Qxh3+ 0-1


[Site "https://www.chess.com"]

[Event "Titled Tuesday Blitz June 21 Early 2022"]
[White "Sapunov, Evgeny"]
[Black "Martinez Alcantara, Jose Eduardo"]
[WhiteFideId "4126661"]
[BlackFideId "3805662"]
[WhiteElo "2470"]
[BlackElo "2703"]
[Result "0-1"]
[Round "03"]
[TimeControl "180+1"]
[Date "2022.06.21"]
[WhiteClock "0:00:09"]
[BlackClock "0:01:29"]

1. c4 c5 2. Nf3 Nc6 3. Nc3 g6 4. e3 Bg7 5. d4 d6 6. h3 e6 7. d5 exd5 8. cxd5 Na5 9. Bb5+ Bd7 10. Qa4 Nf6 11. e4 a6 12. Bxd7+ Nxd7 13. O-O b5 14. Qc2 O-O 15. Bf4 Nc4 16. Rac1 Qb6 17. b3 Nce5 18. Nxe5 Nxe5 19. Be3 Nd7 20. a4 Rfe8 21. axb5 axb5 22. Qd3 Rab8 23. b4 Qb7 24. Rb1 Ne5 25. Qe2 c4 26. Bd4 Nf3+ 27. Qxf3 Bxd4 28. Rfd1 Be5 29. Qe3 Qb6 30. Qxb6 Rxb6 31. Rdc1 Bxc3 32. Rxc3 Rxe4 33. Ra3 Rd4 34. Ra7 Rxd5 35. Re1 Rf5 36. Rc7 h5 37. g4 hxg4 38. hxg4 Rf4 39. Re8+ Kg7 40. f3 Rxf3 41. Kg2 Rf6 42. Rcc8 Re6 43. Red8 Kf6 44. Kg3 g5 45. Rh8 Ke5 46. Rh5 f6 0-1


[Site "https://www.chess.com"]

[Event "Titled Tuesday Blitz June 21 Early 2022"]
[White "Sargsyan, Anna M."]
[Black "Itkis, Boris"]
[WhiteFideId "13308130"]
[BlackFideId "1209167"]
[WhiteElo "2271"]
[BlackElo "2207"]
[Result "1-0"]
[Round "03"]
[TimeControl "180+1"]
[Date "2022.06.22"]
[WhiteClock "0:00:16"]
[BlackClock "0:00:03"]

1. d4 Nf6 2. c4 Nc6 3. d5 Ne5 4. Qc2 e6 5. f4 Neg4 6. h3 Bb4+ 7. Nc3 Nh6 8. Nf3 O-O 9. dxe6 fxe6 10. e4 Bxc3+ 11. bxc3 b6 12. Bd3 Bb7 13. O-O Nh5 14. f5 exf5 15. Bxh6 fxe4 16. Bxe4 Bxe4 17. Qxe4 gxh6 18. Ne5 d6 19. Rxf8+ Qxf8 20. Qd5+ Kg7 21. Rf1 Nf4 22. Qe4 dxe5 23. Qxe5+ Qf6 24. Qxc7+ Qf7 25. Qxf7+ Kxf7 26. Rxf4+ Ke6 27. Rh4 Rc8 28. Rxh6+ Kf5 29. Rxh7 Rxc4 30. Rxa7 Rxc3 31. Rb7 Ra3 32. Rxb6 Rxa2 33. Rb5+ Kf4 34. Rb4+ Kg3 35. Rb3+ Kf4 36. Rf3+ Kg5 37. Kh2 Rc2 38. Rg3+ Kf4 39. Rg4+ Kf5 40. Rg8 Rc3 41. h4 Re3 42. h5 Rc3 43. h6 Rc6 44. g4+ Kf4 45. g5 Kg4 46. h7 Rc2+ 47. Kg1 Kg3 48. Kf1 Rc1+ 49. Ke2 Rc2+ 50. Kd3 1-0


[Site "https://www.chess.com"]

[Event "Titled Tuesday Blitz June 21 Early 2022"]
[White "Sarkar, Justin"]
[Black "Gardezi, Arsal"]
[WhiteFideId "2010011"]
[BlackFideId "30949521"]
[WhiteElo "2020"]
[BlackElo "1781"]
[Result "1-0"]
[Round "03"]
[TimeControl "180+1"]
[Date "2022.06.22"]
[WhiteClock "0:00:02"]
[BlackClock "0:00:11"]

1. e4 e5 2. Nf3 Nc6 3. Bb5 a6 4. Ba4 Nf6 5. O-O Be7 6. d3 b5 7. Bb3 O-O 8. a4 b4 9. a5 d6 10. Nbd2 Rb8 11. h3 Bd7 12. Nc4 Be6 13. Ba4 Nd4 14. Nxd4 exd4 15. Bb3 Nd7 16. Nd2 Nc5 17. Bxe6 fxe6 18. f4 Bf6 19. Nf3 g6 20. b3 Bg7 21. Bd2 e5 22. fxe5 dxe5 23. Qe1 Ne6 24. Bxb4 c5 25. Bd2 g5 26. Qg3 h6 27. Qg4 Qd6 28. h4 gxh4 29. Nxh4 Nf4 30. g3 h5 31. Qd1 Nh3+ 32. Kg2 Qe6 33. Qxh5 Rxf1 34. Rxf1 Rf8 35. Nf5 Nf4+ 36. gxf4 Rf6 37. Rf3 Rg6+ 38. Rg3 Rxg3+ 39. Kxg3 exf4+ 40. Bxf4 Qf6 41. Qg5 Qxg5+ 42. Bxg5 Be5+ 43. Bf4 Bf6 44. Bd6 c4 45. bxc4 Bd8 46. e5 Bxa5 47. Kf3 Bb6 48. Ke4 Kf7 49. c5 Bd8 50. Nxd4 a5 51. e6+ Ke8 52. c6 a4 53. c7 Bxc7 54. Bxc7 a3 55. Be5 Ke7 56. Kd5 Ke8 57. Nb3 Ke7 58. Bd6+ Ke8 59. Bxa3 Kd8 60. e7+ Ke8 61. Nd4 Kf7 62. Nf5 Ke8 63. Nd6+ Kd7 64. c4 Kc7 65. c5 Kb8 66. c6 Ka7 67. e8=Q Ka6 68. Qa8+ Kb6 69. Qa4 Kc7 70. Qa7+ Kd8 71. Qd7# 1-0


[Site "https://www.chess.com"]

[Event "Titled Tuesday Blitz June 21 Early 2022"]
[White "Shton, Roman"]
[Black "Piliczewski, Bogusz"]
[WhiteFideId "14137461"]
[BlackFideId "1104144"]
[WhiteElo "2013"]
[BlackElo "1896"]
[Result "0-1"]
[Round "03"]
[TimeControl "180+1"]
[Date "2022.06.22"]
[WhiteClock "0:01:35"]
[BlackClock "0:00:12"]

1. d4 d5 2. Nf3 Nf6 3. g3 Bf5 4. Bg2 e6 5. c4 h6 6. Nc3 c6 7. Qb3 Qb6 8. c5 Qxb3 9. axb3 a6 10. b4 Nbd7 11. Bf4 Rc8 12. h3 g5 13. Be5 Nxe5 14. Nxe5 Nd7 15. f4 gxf4 16. gxf4 h5 17. h4 Bh6 18. O-O Rg8 19. Kh2 f6 20. Nxd7 Kxd7 21. e4 dxe4 22. Bxe4 Rg4 23. Bxf5 exf5 24. d5 Rxh4+ 25. Kg3 Rg4+ 26. Kh3 Rcg8 27. Rf3 Bxf4 28. Rd1 Be5 29. dxc6+ Kxc6 30. Ne2 Re4 31. Ng3 Bxg3 32. Rxg3 Rxg3+ 33. Kxg3 Rxb4 34. Rd6+ Kxc5 35. Rxf6 Rxb2 36. Rxf5+ Kc4 37. Rxh5 b5 38. Rh4+ Kc3 39. Rh6 a5 40. Rc6+ Kb4 41. Kf4 a4 42. Ke4 a3 43. Ke5 Rd2 44. Ra6 Kb3 45. Ra5 b4 46. Ke4 Kb2 47. Ke3 Rd7 48. Ke2 b3 49. Ke3 a2 0-1


[Site "https://www.chess.com"]

[Event "Titled Tuesday Blitz June 21 Early 2022"]
[White "Shuvalova, Polina"]
[Black "Xu, Yi"]
[WhiteFideId "24171760"]
[BlackFideId "8605564"]
[WhiteElo "2330"]
[BlackElo "2471"]
[Result "1/2-1/2"]
[Round "03"]
[TimeControl "180+1"]
[Date "2022.06.21"]
[WhiteClock "0:00:07"]
[BlackClock "0:00:08"]

1. e4 c5 2. Nc3 d6 3. d4 cxd4 4. Qxd4 Nc6 5. Qd2 g6 6. b3 Bh6 7. f4 f5 8. Bb2 Nf6 9. O-O-O fxe4 10. Bc4 Bg4 11. Nge2 Qa5 12. Kb1 O-O-O 13. h3 Bxe2 14. Qxe2 Bxf4 15. Nxe4 Be5 16. Nxf6 exf6 17. Rd5 Qc7 18. Rhd1 Rhe8 19. Qg4+ f5 20. Qh4 Bxb2 21. Kxb2 Qg7+ 22. Kb1 Kc7 23. Qg3 Re5 24. Bb5 Rxd5 25. Rxd5 a6 26. Bxc6 bxc6 27. Rd1 Qe5 28. Qh4 Rd7 29. Qc4 Qb5 30. Qe6 a5 31. a4 Qb4 32. Rd3 Qe4 33. Qg8 Qe1+ 34. Kb2 Qe5+ 35. Kb1 Qe1+ 36. Kb2 Qe5+ 37. Ka2 d5 38. Qa8 Kb6 39. Qc8 Re7 40. Qd8+ Qc7 41. Qh8 Kb7 42. Rd2 Qe5 43. Qd8 Qc7 44. Qh8 Re4 45. Qc3 Qb6 46. Qg7+ Qc7 47. Qc3 f4 48. Qc5 Qb6 49. Qf8 Qc7 50. Qc5 g5 51. Qc3 h5 52. Qh8 h4 53. Qf6 Qe7 54. Qc3 Kb6 55. Qh8 Re3 56. Qb8+ Qb7 57. Qd8+ Qc7 58. Qxg5 Qe5 59. Qd8+ Kb7 60. Qxa5 Re1 61. c3 Re2 62. Qb4+ Kc7 63. Rxe2 Qxe2+ 64. Ka3 Qf2 65. Qe7+ Kb6 66. Qd8+ Kb7 67. Qd7+ Kb6 68. Qd8+ Kb7 69. a5 Qc5+ 70. Kb2 Qf2+ 71. Ka3 Qc5+ 72. Kb2 Qf2+ 73. Ka3 1/2-1/2


[Site "https://www.chess.com"]

[Event "Titled Tuesday Blitz June 21 Early 2022"]
[White "Silvestre, Christian"]
[Black "Winkels, Marcel"]
[WhiteFideId "30956269"]
[BlackFideId "1003887"]
[WhiteElo "2439"]
[BlackElo "1900"]
[Result "1-0"]
[Round "03"]
[TimeControl "180+1"]
[Date "2022.06.22"]
[WhiteClock "0:00:07"]
[BlackClock "0:00:01"]

1. d4 f5 2. Nf3 Nf6 3. g3 g6 4. Bg2 Bg7 5. O-O O-O 6. b3 d6 7. Bb2 Qe8 8. Nbd2 Nc6 9. c4 e5 10. d5 Ne7 11. Ng5 h6 12. Ne6 Bxe6 13. dxe6 c6 14. c5 dxc5 15. Bxe5 Rd8 16. Qc2 Ned5 17. Qxc5 Qxe6 18. Nc4 b5 19. Bxf6 Bxf6 20. Na5 Bxa1 21. Rxa1 Rc8 22. e3 Qf6 23. Rc1 g5 24. Nxc6 Nb6 25. Rd1 Kh8 26. Rd6 Qa1+ 27. Bf1 Qg7 28. Qxb5 f4 29. exf4 gxf4 30. Ne5 Rf6 31. Rxf6 Qxf6 32. Ng4 Qg7 33. Qh5 Rc6 34. Qe8+ Qg8 35. Qxc6 Qxg4 36. Qxh6+ Kg8 37. Qxf4 Qg7 38. Qb8+ Kh7 39. Bd3+ Kh6 40. Qf4+ Qg5 41. Qf8+ Kh5 42. Be2+ Kg6 43. Qg8+ Kh6 44. Qxg5+ Kxg5 45. Kg2 Nd5 46. h4+ Kh6 47. Bd3 Nc3 48. a4 Nd5 49. Bc4 Nb6 50. Kf3 a5 51. Ke4 Nd7 52. Kd4 Nf6 53. Be2 Nd7 54. g4 Kg6 55. f4 Kf6 56. Bd3 Nf8 57. g5+ Kg7 58. h5 Ne6+ 59. Ke5 Nc5 60. Bc4 Nd7+ 61. Kd6 Nf8 62. Bd3 Kf7 63. f5 Kg7 64. Bb5 Nh7 65. g6 Nf6 66. Ke5 1-0


[Site "https://www.chess.com"]

[Event "Titled Tuesday Blitz June 21 Early 2022"]
[White "Simonovic, Miroslav"]
[Black "Arpita, Mukherjee"]
[WhiteFideId "919152"]
[BlackFideId "5056403"]
[WhiteElo "2043"]
[BlackElo "1934"]
[Result "0-1"]
[Round "03"]
[TimeControl "180+1"]
[Date "2022.06.22"]
[WhiteClock "0:00:08"]
[BlackClock "0:01:03"]

1. d4 Nf6 2. Bg5 Ne4 3. h4 d5 4. Nd2 Bf5 5. Nxe4 Bxe4 6. f3 h6 7. Bf4 Bh7 8. e3 e6 9. Bd3 Bxd3 10. Qxd3 c6 11. Ne2 Bd6 12. a3 Qe7 13. h5 Nd7 14. O-O O-O-O 15. b3 g6 16. hxg6 fxg6 17. c4 g5 18. Bxd6 Qxd6 19. cxd5 exd5 20. e4 dxe4 21. fxe4 Nb6 22. Rfd1 Rhe8 23. b4 Qe6 24. Nc3 Qc4 25. Qe3 Kb8 26. Rac1 Qb3 27. a4 Ka8 28. b5 Nc4 29. Qh3 cxb5 30. axb5 Nb2 31. Rb1 Rc8 32. Nd5 Qxh3 33. gxh3 Nxd1 34. Rxd1 Rxe4 35. b6 a6 36. Nc7+ Kb8 37. d5 Rd8 38. d6 Rb4 39. Ne6 Rd7 40. Nc5 Kc8 41. Rc1 Rxb6 42. Nxd7+ Kxd7 43. Rc7+ Kxd6 44. Rh7 Kc5 45. Kg2 a5 46. Re7 a4 47. Re3 Ra6 48. Ra3 b5 49. Ra1 b4 50. Kg3 a3 51. Kg4 b3 52. Kh5 a2 53. Rc1+ Kb4 54. h4 b2 55. Rf1 b1=Q 56. hxg5 Qxf1 57. gxh6 Qf5+ 58. Kh4 Rxh6+ 59. Kg3 Rh3+ 60. Kg2 Qf3+ 0-1


[Site "https://www.chess.com"]

[Event "Titled Tuesday Blitz June 21 Early 2022"]
[White "Steinberg, Nitzan"]
[Black "Flynn, Jacob"]
[WhiteFideId "2801795"]
[BlackFideId "2509393"]
[WhiteElo "2471"]
[BlackElo "1896"]
[Result "1-0"]
[Round "03"]
[TimeControl "180+1"]
[Date "2022.06.21"]
[WhiteClock "0:00:54"]
[BlackClock "0:00:05"]

1. e4 e5 2. Nf3 Nc6 3. Bb5 a6 4. Ba4 Nf6 5. O-O Be7 6. Re1 b5 7. Bb3 O-O 8. h3 Bb7 9. d3 d6 10. a3 h6 11. Nc3 Re8 12. Ne2 Bf8 13. Ng3 Ne7 14. Nh4 d5 15. Qf3 Qd6 16. Ba2 Rad8 17. Be3 Bc8 18. Rad1 d4 19. Bd2 Be6 20. Ngf5 Nxf5 21. Nxf5 Bxf5 22. Qxf5 Rd7 23. f4 Nh7 24. Rf1 g6 25. Qg4 h5 26. Qg3 Kg7 27. Rf2 Qf6 28. Rdf1 Bd6 29. fxe5 Qxe5 30. Rxf7+ Rxf7 31. Rxf7+ Kh8 32. Qxg6 Qh2+ 33. Kf1 Rg8 34. Qxh7# 1-0


[Site "https://www.chess.com"]

[Event "Titled Tuesday Blitz June 21 Early 2022"]
[White "Stribuk, Artiom"]
[Black "Martin Carmona, Gaston Manuel"]
[WhiteFideId "13515659"]
[BlackFideId "22284567"]
[WhiteElo "2259"]
[BlackElo "2162"]
[Result "1-0"]
[Round "03"]
[TimeControl "180+1"]
[Date "2022.06.21"]
[WhiteClock "0:01:05"]
[BlackClock "0:01:06"]

1. d4 Nf6 2. c4 e6 3. Nc3 Bb4 4. Qc2 O-O 5. e4 d5 6. e5 Ne4 7. a3 Bxc3+ 8. bxc3 c5 9. Bd3 Nc6 10. Ne2 cxd4 11. cxd4 Qa5+ 12. Kf1 f6 13. exf6 Nxf6 14. h4 Bd7 15. Rb1 Qc7 16. Bf4 Qc8 17. Bd6 Rf7 18. Kg1 dxc4 19. Bxc4 Ng4 20. Bg3 Qf8 21. Rxb7 Nxf2 22. Rxd7 Nxh1 23. Bxe6 Nxg3 24. Rxf7 Nxe2+ 25. Qxe2 1-0


[Site "https://www.chess.com"]

[Event "Titled Tuesday Blitz June 21 Early 2022"]
[White "Sukandar, Irine Kharisma"]
[Black "Jia, Haoxiang"]
[WhiteFideId "7101937"]
[BlackFideId "8602999"]
[WhiteElo "2293"]
[BlackElo "2604"]
[Result "1-0"]
[Round "03"]
[TimeControl "180+1"]
[Date "2022.06.22"]
[WhiteClock "0:00:06"]
[BlackClock "0:00:03"]

1. d4 Nf6 2. Nc3 d6 3. e4 g6 4. Bf4 Bg7 5. Qd2 h5 6. O-O-O a6 7. Bd3 b5 8. e5 Nfd7 9. e6 Nf8 10. exf7+ Kxf7 11. Nf3 Ne6 12. d5 Nxf4 13. Qxf4+ Bf6 14. Ne4 Kg7 15. Nh4 Be5 16. Qg5 Qe8 17. f4 Bd4 18. Ng3 Bf6 19. Ngf5+ Bxf5 20. Nxf5+ Kg8 21. Qg3 Nd7 22. Rde1 Nf8 23. Rhf1 Qf7 24. Ne3 h4 25. Qg4 Rh5 26. Qf3 Qg7 27. f5 Bxb2+ 28. Kb1 Ba3 29. Nd1 Bb4 30. Re2 Rg5 31. fxg6 Nxg6 32. Qe4 Bc5 33. Qe6+ Kh8 34. Rf7 Qh6 35. Rxe7 Re5 36. Qf6+ Kg8 37. Qf7+ Kh8 38. Qf6+ Kg8 39. R2xe5 dxe5 40. Qf7+ Kh8 41. Rxc7 Bd6 42. Rd7 e4 43. Rxd6 exd3 44. Rxg6 dxc2+ 45. Kxc2 Rc8+ 46. Kb3 Qh7 47. Qf6+ 1-0


[Site "https://www.chess.com"]

[Event "Titled Tuesday Blitz June 21 Early 2022"]
[White "Szente Varga, Fruzsina"]
[Black "Luo, Terry"]
[WhiteFideId "712264"]
[BlackFideId "30931045"]
[WhiteElo "1994"]
[BlackElo "2024"]
[Result "0-1"]
[Round "03"]
[TimeControl "180+1"]
[Date "2022.06.22"]
[WhiteClock "0:00:14"]
[BlackClock "0:00:22"]

1. e4 c5 2. Nf3 d6 3. d4 cxd4 4. Qxd4 a6 5. c4 Nc6 6. Qd2 Nf6 7. Nc3 g6 8. Be2 Bg7 9. O-O O-O 10. h3 Be6 11. Rb1 Ne5 12. b3 Nxf3+ 13. Bxf3 Nd7 14. e5 Nxe5 15. Bxb7 Ra7 16. Be4 Qc7 17. f4 Nc6 18. f5 gxf5 19. Bxf5 Bxf5 20. Rxf5 e6 21. Rg5 Ne5 22. Qf2 Ng6 23. Ne4 f5 24. Nd2 Qc5 25. Qxc5 dxc5 26. Nf3 Rd7 27. Be3 Bh6 28. Rxg6+ hxg6 29. Bxh6 Rfd8 30. Kh2 Rd1 31. Rb2 a5 32. Bg5 Rb8 33. Ne5 a4 34. Nd7 Rxd7 35. Re2 axb3 36. axb3 Kf7 37. Re3 Rdb7 38. Re5 Rc8 39. Be3 Rxb3 40. Bxc5 Rc3 41. Bf2 R3xc4 42. Bg3 Re4 43. Ra5 f4 44. Bh4 Rc2 45. Ra7+ Kf8 46. Bg5 f3 47. Bh6+ Ke8 48. Kg3 fxg2 49. Ra1 Rce2 50. Rg1 Kf7 51. h4 Kf6 52. Bg5+ Kf5 53. Kh3 Ra4 54. Kh2 Raa2 55. Kg3 Ke4 56. Kh2 Kf3 57. Kh3 Rf2 58. Kh2 Rf1 0-1


[Site "https://www.chess.com"]

[Event "Titled Tuesday Blitz June 21 Early 2022"]
[White "Taichman, Ori"]
[Black "Vusatiuk, Vladimir"]
[WhiteFideId "2804069"]
[BlackFideId "14118610"]
[WhiteElo "2227"]
[BlackElo "2157"]
[Result "1-0"]
[Round "03"]
[TimeControl "180+1"]
[Date "2022.06.22"]
[WhiteClock "0:00:30"]
[BlackClock "0:00:08"]

1. e4 e6 2. d4 d5 3. Nc3 Nf6 4. Bg5 dxe4 5. Nxe4 Be7 6. Bxf6 gxf6 7. Nf3 f5 8. Nc3 a6 9. Bd3 b5 10. Qd2 Bb7 11. O-O-O Nd7 12. d5 Bf6 13. dxe6 fxe6 14. Rhe1 Nc5 15. Qh6 Kf7 16. Bxf5 Qg8 17. Rd7+ Ke8 18. Rxe6+ Kxd7 19. Qxf6 Nxe6 20. Ne5+ Kd6 21. Nf7+ Qxf7 22. Qxf7 Rae8 23. b4 Rhf8 24. Qxh7 Re7 25. Qh3 Nf4 26. Qg4 Nxg2 27. Qd4+ Kc6 28. Qc5# 1-0


[Site "https://www.chess.com"]